 Dungeon Crawl Stone Soup version 0.26-a0-542-gbaa144ba5c (webtiles) character file.

Game seed: 15808031270949521340

45 Descartes the Sneak (level 3, 0/14 HPs)
             Began as a Felid Enchanter on Aug 17, 2020.
             Succumbed to an adder's poison
             ... on level 2 of the Dungeon.
             The game lasted 00:03:29 (2872 turns).

Descartes the Sneak (Felid Enchanter)               Turns: 2872, Time: 00:03:29

Health: 0/14       AC:  1    Str:  5    XL:     3   Next: 42%
Magic:  5/7        EV: 19    Int: 16    God:
Gold:   82         SH:  0    Dex: 16    Spells: 0/6 levels left
                                        Lives:  0   Deaths: 0

rFire    . . .     SeeInvis +     - Unarmed
rCold    . . .     Faith    .   (shield unavailable)
rNeg     . . .     Spirit   .   (armour unavailable)
rPois    .         Reflect  .   (helmet unavailable)
rElec    .         Harm     .   (cloak unavailable)
rCorr    .                      (gloves unavailable)
MR       .....                  (boots unavailable)
Stlth    +++.......             (no amulet)
HPRegen  0.04/turn              (no ring)
MPRegen  0.10/turn              (no ring)

@: lethally poisoned (0 -> -13), quick
A: very small, no armour, no weapons or thrown items, stealth, claws 1, fangs 3,
see invisible, speed 1, shaggy fur 1, sharp paws
a: no special abilities


You were on level 2 of the Dungeon.
You visited 1 branch of the dungeon, and saw 2 of its levels.

You collected 82 gold pieces.

Inventory:

Scrolls
 a - 2 scrolls of teleportation {unknown}
 b - a scroll of identify {unknown}
Potions
 c - a potion of heal wounds {unknown}
 d - 2 potions of degeneration {unknown}


   Skills:
 + Level 3.4 Dodging
 + Level 4.6 Stealth
 * Level 2.4 Unarmed Combat
 - Level 2.0 Spellcasting
 + Level 4.4 Hexes


You couldn't memorise any spells.
You knew the following spells:

 Your Spells              Type           Power        Failure   Level
a - Confusing Touch       Hex            ###.....     10%         3
b - Ensorcelled Hibernat  Hex/Ice        #.....       13%         2
g - Corona                Hex            ###....      3%          1

Your spell library contained the following spells:

 Spells                   Type           Power        Failure   Level
 Tukima's Dance           Hex            ###.....     10%         3
 Dazzling Flash           Conj/Hex       #.....       26%         3


Dungeon Overview and Level Annotations

Branches:
Dungeon (2/15)

Altars:


Innate Abilities, Weirdness & Mutations

You cannot wear armour.
You are incapable of wielding weapons or throwing items.
Your paws allow you to move quietly. (Stealth)
You have sharp claws.
You have razor-sharp teeth.
You have supernaturally acute eyesight. (SInv)
You cover ground quickly.
You are covered in fur. (AC +1)
Your sharp claws are effective at attacking unaware monsters.


Message History

The adder barely misses the giant cockroach.
The adder bites itself.
You scratch the adder. You bite the adder, but do no damage.
The adder is moderately wounded.
You barely miss the adder.
The adder is moderately wounded.
You feel sick. The adder bites you.
* * * LOW HITPOINT WARNING * * *
You are more poisoned.
The adder poisons you! The adder barely misses you.
You scratch the adder.
The adder is heavily wounded.
The adder closely misses the kobold.
You scratch the adder. You bite the adder, but do no damage.
The adder is heavily wounded.
* * * LOW HITPOINT WARNING * * *
You feel sick.
The adder misses the giant cockroach.
You scratch the adder.
The adder is heavily wounded.
You die...

#. #. # #. .. .##
##.#. #.. ....<.>
#..#.# ## .>.. ..
#########s###.#
(......@SK....#
##########.##.####
................
########..#.####
##.#.# #.#.# #...#
##..# #..#


You could see an adder (confused), a giant cockroach and a kobold.

Vanquished Creatures
  An adder (D:2)
  An ooze (D:1)
  2 dart slugs (D:1)
  4 bats (D:1)
  A giant cockroach (D:1)
  5 goblins
  4 hobgoblins
  2 frilled lizards
  3 kobolds
  5 rats
28 creatures vanquished.

Notes
Turn   | Place    | Note
-------+----------+-------------------------------------------
     0 | D:1      | Descartes the Felid Enchanter began the quest for the Orb.
     0 | D:1      | Reached XP level 1. HP: 7/7 MP: 4/4
   265 | D:1      | Reached XP level 2. HP: 7/11 MP: 6/6
  1061 | D:1      | Learned a level 2 spell: Ensorcelled Hibernation
  2305 | D:2      | Reached XP level 3. HP: 14/14 MP: 7/7
  2324 | D:1      | Learned a level 3 spell: Confusing Touch
  2872 | D:2      | Succumbed to an adder's poison

Illustrated notes

Levels and vault maps discovered:
D:1:      lemuel_arrival_behind_the_door_small, layout_loops_ring,
          serial_forest, infiniplex_forest_clump_medium,
          infiniplex_forest_clump_small, infiniplex_forest_lined_room_3,
          infiniplex_forest_end_2, infiniplex_forest_straight_4,
          infiniplex_forest_straight_4, infiniplex_forest_corner_2
D:2:      layout_basic

Skill      XL: |  1  2 |
---------------+-------+-----
Dodging        | 3 |  3.4
Unarmed Combat | 2 |  2.4
Stealth        | |  4.6
Spellcasting   | |  2.0
Hexes          | |  4.4

Action                   || total
-------------------------++-------
Melee: Unarmed           ||   107
       Bite              ||    10
       Punch             ||     2
 Cast: Confusing Touch   ||     5
 Stab: Sleeping          ||    10
       Confused          ||     1
Armor: Skin              ||     5
Dodge: Dodged            ||    72

Table legend: (Time is in decaauts)
 A = Elapsed time spent in this place.
 B = Non-inter-level travel time spent in this place.
 C = Inter-level travel time spent in this place.
 D = Time resting spent in this place.
 E = Time spent auto-exploring this place.
 F = Levels seen in this place.
 G = Mean time per level.
                   A        B        C        D        E       F      G
               +--------+--------+--------+--------+--------+-----+--------+
         Total |   2534 |   2530 |      4 |    427 |   1809 |   2 | 1267.0 |
       Dungeon |   2534 |   2530 |      4 |    427 |   1809 |   2 | 1267.0 |
               +--------+--------+--------+--------+--------+-----+--------+

Top non-repeatable levels by time:
     D:1: 2190 daAuts
     D:2: 344 daAuts
